 Dungeon Crawl Stone Soup version 0.20-a0-739-g6bb112f (webtiles) character file.

153 polly the Conjurer (level 5, -1/38 HPs)
             Began as a Draconian Conjurer on Feb 25, 2017.
             Slain by Crazy Yiuf
             ... wielding a +3 quarterstaff of chaos
              (14 damage)
             ... on level 2 of the Dungeon.
             The game lasted 00:04:36 (1877 turns).

polly the Conjurer (Draconian Conjurer)             Turns: 1877, Time: 00:04:36

Health: -1/38      AC:  6    Str: 10    XL:     5   Next: 12%
Magic:  1/8        EV: 12    Int: 16    God:
Gold:   92         SH:  0    Dex: 12    Spells: 8/9 levels left

rFire    x . .     SeeInvis .   q - staff of conjuration
rCold    + . .     Gourm    .   (armour unavailable)
rNeg     . . .     Faith    .   (no shield)
rPois    .         Spirit   .   (helmet restricted)
rElec    .         Reflect  .   g - +0 cloak
rCorr    .         Harm     .   (no gloves)
MR       .....                  (no boots)
Stlth    ++........             (no amulet)
Regen    0.2/turn               (no ring)
MPRegen  0.2/turn               m - ring of ice

@: no status effects
A: unfitting armour, cold-blooded, AC +5
a: no special abilities


You were on level 2 of the Dungeon.
You were not hungry.

You visited 1 branch of the dungeon, and saw 2 of its levels.

You collected 92 gold pieces.

Inventory:

Armour
 g - a +0 cloak (worn)
Magical Staves
 q - an uncursed staff of conjuration (weapon)
Jewellery
 m - a ring of ice (left hand)
Scrolls
 c - a scroll of magic mapping {unknown}
 d - a scroll of teleportation {unknown}
 e - 4 scrolls of blinking {unknown}
 f - 2 scrolls of amnesia {unknown}
 h - 3 scrolls of remove curse {unknown}
 i - 3 scrolls of identify {unknown}
 k - a scroll of immolation {unknown}
 l - a scroll of noise {unknown}
 n - a scroll of recharging {unknown}
 p - a scroll of enchant armour {unknown}
Potions
 o - a potion of might {unknown}
 r - a potion of brilliance {unknown}
Books
 a - a book of Conjurations

   Spells                             Type                      Level
   a - Magic Dart                     Conjuration                  1
   b - Searing Ray                    Conjuration                  2
   c - Dazzling Spray                 Conjuration/Hexes            3
   d - Fulminant Prism                Conjuration/Hexes            4
   e - Force Lance                    Conjuration/Translocation    4
   f - Iskenderun's Mystic Blast      Conjuration                  4
Comestibles
 b - 2 bread rations
 j - a royal jelly
 s - a chunk of flesh


   Skills:
 + Level 2.5 Dodging
 + Level 2.1 Stealth
 + Level 1.6 Unarmed Combat
 + Level 2.5 Spellcasting
 + Level 5.3 Conjurations


You had 8 spell levels left.
You knew the following spells:

 Your Spells              Type           Power        Failure   Level  Hunger
a - Magic Dart            Conj           ####         2%          1    #......


Dungeon Overview and Level Annotations

Branches:
Dungeon (2/15)

Altars:

Annotations:
D:2 Crazy Yiuf


Innate Abilities, Weirdness & Mutations

Your plain brown scales are hard. (AC +5)
You cannot fit into any form of body armour.
You are cold-blooded and may be slowed by cold attacks.


Message History

Confirm with . or Enter, or press ? or * to list all spells.
Aiming: Magic Dart
Press: ? - help, Shift-Dir - straight line, f/p - Crazy Yiuf
Aim: Crazy Yiuf, wielding a quarterstaff of chaos and wearing a glowing cloak (severely wounded)
You feel a surge of power!
The magic dart hits Crazy Yiuf.
Crazy Yiuf is almost dead.
Crazy Yiuf closely misses you.
Casting: Magic Dart
Confirm with . or Enter, or press ? or * to list all spells.
Aiming: Magic Dart
Press: ? - help, Shift-Dir - straight line, f/p - Crazy Yiuf
Aim: Crazy Yiuf, wielding a quarterstaff of chaos and wearing a glowing cloak (almost dead)
You feel a surge of power!
The magic dart hits Crazy Yiuf.
Crazy Yiuf is almost dead.
You closely miss Crazy Yiuf.
Crazy Yiuf is almost dead.
Crazy Yiuf hits you with a quarterstaff of chaos.
Crazy Yiuf freezes you.
Crazy Yiuf hits you with a quarterstaff of chaos!
You die...

###.####.#####....#
##..)#.#
...........# #....#
#......#
.#######...# ♣))..♣
##.#.####
..##<#....## ♣).)♣♣
##.......#
..##.#....# ♣♣.♣♣
#........#
..).......# ♣)♣♣
#####..#####
.....#....# ♣♣)♣
#..........#
.....#....## ♣)♣♣
#.......##.#
####.#.....# ♣♣@♣
#.......#...
#.....#.# #g#
#.#.....#..#
#####...# )))
#.#.#†.##### #...#
#)))# #.#.#..#<..#
#...# #).)#
#.#.#..###.# #...#
##### #...#......#
##### ##.##.######
### #...#.......
#.########..#..#####


You could see Crazy Yiuf.

Vanquished Creatures
  Ijyb (D:2)
  Natasha (thrice) (D:2)
  An ooze (D:2)
  2 worms (D:2)
  2 dart slugs (D:1)
  3 giant cockroaches
  7 goblins
  5 hobgoblins
  2 jackals (D:2)
  4 bats
  3 frilled lizards
  3 kobolds
  5 rats
41 creatures vanquished.

Notes
Turn   | Place    | Note
-------+----------+-------------------------------------------
     0 | D:1      | polly the Draconian Conjurer began the quest for the Orb.
     0 | D:1      | Reached XP level 1. HP: 14/14 MP: 3/3
   279 | D:1      | Reached XP level 2. HP: 17/20 MP: 0/5
   911 | D:2      | Noticed Natasha
   917 | D:2      | Killed Natasha
   917 | D:2      | Reached XP level 3. HP: 26/26 MP: 0/6
   966 | D:2      | Noticed Natasha
   976 | D:2      | Killed Natasha
   976 | D:2      | Reached skill level 5 in Conjurations
   976 | D:2      | Reached XP level 4. HP: 23/33 MP: 0/7
  1015 | D:2      | Noticed Natasha
  1019 | D:2      | Killed Natasha
  1266 | D:2      | Noticed Ijyb
  1269 | D:2      | Reached skill level 1 in Unarmed Combat
  1290 | D:2      | Killed Ijyb
  1402 | D:2      | Found a runed door.
  1496 | D:2      | Reached XP level 5. HP: 38/38 MP: 3/8
  1868 | D:2      | Noticed Crazy Yiuf
  1877 | D:2      | Slain by Crazy Yiuf

Vault maps used:
D:1:      enne_arrival_octagon_isle, minmay_crystal_water
D:2:      first_bread, kennysheep_generic_room_5, uniq_natasha,
          uniq_crazy_yiuf_cottage, uniq_iyjb

Skill      XL: |  1  2  3  4 |
---------------+-------------+-----
Dodging        | 2 |  2.5
Conjurations   | 5 |  5.3
Unarmed Combat | 1 |  1.6
Stealth        | 2 |  2.1
Spellcasting   | |  2.5

Action                   |  1- 3 |  4- 6 || total
-------------------------+-------+-------++-------
Melee: Unarmed           |    35 |    31 ||    66
       Tailslap          |     3 |     4 ||     7
       Staff             |       |     9 ||     9
 Cast: Magic Dart        |    46 |    59 ||   105
  Use: Potion            |       |     3 ||     3
 Stab: Sleeping          |     1 |       ||     1
  Eat: Chunk             |       |     4 ||     4
Armor: Skin              |    14 |    14 ||    28
Dodge: Dodged            |    29 |    20 ||    49
